 Dungeon Crawl Stone Soup version 0.21-a0-529-g8c7b3f5 (webtiles) character file.

508 Gerstahl the Ducker (level 7, -11/56 HPs)
             Began as a Human Monk on Dec 9, 2017.
             Mangled by an ogre
             ... wielding a +0 giant spiked club
              (19 damage)
             ... on level 5 of the Dungeon.
             The game lasted 00:06:57 (4625 turns).

Gerstahl the Ducker (Human Monk)                    Turns: 4625, Time: 00:06:58

Health: -11/56     AC:  4    Str: 12    XL:     7   Next: 42%
Magic:  7/7        EV: 15    Int: 10    God:
Gold:   179        SH:  0    Dex: 17    Spells: 6/6 levels left

rFire    . . .     SeeInvis .   a - +0 falchion
rCold    . . .     Gourm    .   (no shield)
rNeg     . . .     Faith    .   b - +0 robe
rPois    .         Spirit   .   (helmet restricted)
rElec    .         Reflect  .   (no cloak)
rCorr    .         Harm     .   m - +0 pair of gloves (curse)
MR       .....                  (no boots)
Stlth    ++........             (no amulet)
HPRegen  0.18/turn              (no ring)
MPRegen  0.10/turn              (no ring)

@: no status effects
A: antennae 1, hooves 2, shaggy fur 1
a: no special abilities


You were on level 5 of the Dungeon.
You were not hungry.

You visited 1 branch of the dungeon, and saw 5 of its levels.

You collected 179 gold pieces.

Inventory:

Hand Weapons
 a - a +0 falchion (weapon)
Armour
 b - a +0 robe (worn)
 m - a cursed +0 pair of gloves (worn)
Jewellery
 k - an uncursed ring of poison resistance {unknown}
 n - a +3 ring of dexterity {unknown}
Scrolls
 e - 2 scrolls of remove curse {unknown}
 g - 4 scrolls of identify {unknown}
 i - a scroll of fear {unknown}
 j - 5 scrolls of teleportation {unknown}
 l - a scroll of fog {unknown}
 o - a scroll of noise {unknown}
Potions
 d - a potion of agility {unknown}
 p - 2 potions of curing {unknown}
Comestibles
 c - 2 bread rations
 f - a royal jelly
 h - 2 meat rations
 q - 7 chunks of flesh


   Skills:
 + Level 5.0 Fighting
 + Level 4.9 Long Blades
 + Level 1.9 Armour
 + Level 5.0 Dodging
 - Level 2.0 Stealth


You had 6 spell levels left.
You didn't know any spells.

Dungeon Overview and Level Annotations

Branches:
Dungeon (5/15)
 Temple: D:4-7

Altars:
Elyvilon
Okawaru

Annotations:
D:4 exclusion: ogre


Innate Abilities, Weirdness & Mutations

You have a pair of small antennae on your head.
You have hoof-like feet.
You are covered in fur. (AC +1)


Message History

There is an open door here.
Found 27 stones.
An ogre comes into view. It is wielding a giant spiked club.
An ogre is nearby!
The ogre shouts!
The ogre hits you with a giant spiked club!!
You hit the ogre. You kick the ogre.
The ogre is moderately wounded.
The ogre hits you with a giant spiked club!
You are too injured to fight recklessly!
You are too injured to fight recklessly!
You are too injured to fight recklessly!
You completely miss the ogre. Your kick misses the ogre.
The ogre is moderately wounded.
You hit the ogre.
The ogre is moderately wounded.
The ogre hits you with a giant spiked club!!
* * * LOW HITPOINT WARNING * * *
The ogre hits you with a giant spiked club!!
You die...

#...##.##
#.....#.##
#....###.#####.#
#<.............#
##.#.###.#######
#.##.#.##
#.###.##
##.######
#.....@.#
##.####O# #.#
#.# #.# #.# ...
... #.# ##.##
... #.# .( #.#
..#


You could see an ogre.

Vanquished Creatures
  2 ogres (D:4)
  The ghost of Gorglomux the Chucker, a weakling OpHu (D:3)
  An orc priest (D:3)
  An orc wizard (D:5)
  4 worker ants (D:4)
  A hound skeleton (D:3)
  2 adders (D:4)
  An ooze (D:4)
  An adder skeleton (D:4)
  3 worms
  2 dart slugs
  3 leopard geckos
  16 orcs
  A ball python (D:1)
  9 giant cockroaches
  5 goblins
  8 hobgoblins
  2 quokkas (D:2)
  3 bats
  5 frilled lizards
  13 kobolds
  4 rats
88 creatures vanquished.

Notes
Turn   | Place    | Note
-------+----------+-------------------------------------------
     0 | D:1      | Gerstahl the Human Monk began the quest for the Orb.
     0 | D:1      | Reached XP level 1. HP: 18/18 MP: 1/1
    54 | D:1      | Reached XP level 2. HP: 13/24 MP: 2/2
   393 | D:1      | Reached XP level 3. HP: 25/29 MP: 3/3
  1610 | D:3      | Reached XP level 4. HP: 34/35 MP: 4/4
  1726 | D:3      | Noticed an orc warrior
  2148 | D:3      | Found an iron altar of Okawaru.
  2180 | D:3      | Noticed Gorglomux's ghost (weakling OpHu)
  2767 | D:3      | Reached XP level 5. HP: 17/42 MP: 5/5
  3106 | D:3      | Killed Gorglomux's ghost
  3327 | D:4      | Noticed an ogre
  3346 | D:3      | Gained mutation: You have large cloven feet. [potion of mutation]
  3346 | D:3      | Gained mutation: You are dopey. (Int -2) [potion of mutation]
  3346 | D:3      | Gained mutation: You are clumsy. (Dex -2) [potion of mutation]
  3346 | D:3      | Gained mutation: You are covered in fur. (AC +1) [potion of mutation]
  3354 | D:3      | Lost mutation: You are dopey. (Int -2) [potion of mutation]
  3354 | D:3      | Lost mutation: You are clumsy. (Dex -2) [potion of mutation]
  3354 | D:3      | Gained mutation: You have hoof-like feet. [potion of mutation]
  3354 | D:3      | Gained mutation: You have a pair of small antennae on your head. [potion of mutation]
  3630 | D:4      | Reached XP level 6. HP: 48/48 MP: 6/6
  4045 | D:4      | Noticed an ogre
  4056 | D:4      | Killed an ogre
  4056 | D:4      | Reached skill level 1 in Armour
  4056 | D:4      | Reached XP level 7. HP: 29/55 MP: 7/7
  4213 | D:4      | Found a white marble altar of Elyvilon.
  4420 | D:4      | Reached skill level 5 in Dodging
  4438 | D:5      | Entered Level 5 of the Dungeon
  4454 | D:5      | Reached skill level 5 in Fighting
  4625 | D:5      | Mangled by an ogre

Vault maps used:
D:1:      scummos_arrival_hexagon
D:3:      overflow_temple_1_default
D:4:      elyvilon_altar_3
D:5:      yredelemnul_altar_generic, first_bread, basic_altar,
          columned_hall_lemuel, grunt_ministairs_4, fedhas_altar_4

Skill      XL: |  1  2  3  4  5  6  7 |
---------------+----------------------+-----
Dodging        | 4 5 |  5.0
Fighting       | 4 5 |  5.0
Long Blades    | 4 |  4.9
Armour         | 1 |  1.9
Stealth        | |  2.0

Action                   |  1- 3 |  4- 6 |  7- 9 || total
-------------------------+-------+-------+-------++-------
Melee: Falchion          |   102 |   170 |    37 ||   309
       Kick              |       |    26 |    13 ||    39
  Use: Potion            |       |     4 |       ||     4
 Stab: Sleeping          |     7 |     6 |     1 ||    14
  Eat: Chunk             |     2 |     6 |     2 ||    10
       Royal jelly       |       |     1 |       ||     1
Armor: Robe              |    18 |    20 |     4 ||    42
Dodge: Dodged            |    90 |   116 |    25 ||   231
       Rpst.: Falchion   |    25 |    37 |    11 ||    73

Table legend:
 A = Spawn XP
 B = Non-spawn XP
 C = Spawn XP percentage of total XP
 D = Spawn monster count
 E = Non-spawn monster count
 F = Spawn count percentage of total count
 G = Total turns spent on level
                    A         B        C        D         E        F      G
               +---------+---------+-------+---------+---------+-------+---------
         Total |       0 |     726 |   0.0 |       0 |      88 |   0.0 |  4625
               +---------+---------+-------+---------+---------+-------+---------
           D:1 |       0 |      40 |   0.0 |       0 |      22 |   0.0 |   699
           D:2 |       0 |      28 |   0.0 |       0 |      17 |   0.0 |  1344
           D:3 |       0 |     167 |   0.0 |       0 |      25 |   0.0 |  1386
           D:4 |       0 |     437 |   0.0 |       0 |      17 |   0.0 |  1017
           D:5 |       0 |      54 |   0.0 |       0 |       7 |   0.0 |   179
               +---------+---------+-------+---------+---------+-------+---------
